 Dungeon Crawl Stone Soup version 0.28-a0-519-gbfeecf2fc5 (webtiles) character file.

Game seed: 6665428823931358897

42 chris0x the Skirmisher (level 3, 0/37 HPs)
             Began as an Ogre Warper on Sept 22, 2021.
             Slain by an orc wizard (1 damage)
             ... on level 2 of the Dungeon on Sept 23, 2021.
             The game lasted 00:05:04 (1302 turns).

chris0x the Skirmisher (Ogre Warper)                Turns: 1302, Time: 00:05:05

Health: 0/37       AC:  4    Str: 15    XL:     3   Next: 56%
Magic:  7/7        EV: 10    Int: 15    God:
Gold:   42         SH:  0    Dex:  8    Spells: 0/8 levels left

rFire   . . .      SeeInvis .   a - +0 hand axe
rCold   . . .      Faith    .   (no shield)
rNeg    . . .      Spirit   .   b - +0 robe
rPois   .          Reflect  .   (helmet restricted)
rElec   .          Harm     .   e - +0 cloak
rCorr   .          Rampage  .   (gloves unavailable)
Will    .....                   (boots unavailable)
Stlth   +.........              (no amulet)
HPRegen 0.12/turn               (no ring)
MPRegen 0.10/turn               (no ring)

@: no status effects
A: large, unfitting armour, tough skin 1
a: no special abilities


You were on level 2 of the Dungeon.
You visited 1 branch of the dungeon, and saw 2 of its levels.

You collected 42 gold pieces.

Inventory:

Hand Weapons
 a - a +0 hand axe (weapon)
Missiles
 d - 4 boomerangs of dispersal (quivered)
 f - 12 poisoned darts
 g - 2 stones
Armour
 b - a +0 robe (worn)
 e - a +0 cloak (worn)
Scrolls
 c - a scroll of blinking
Potions
 h - a potion of curing


   Skills:
 * Level 3.2 Fighting
 + Level 2.3 Axes
 + Level 1.2 Throwing
 * Level 2.4 Dodging
 * Level 3.0 Spellcasting
 + Level 2.9 Translocations


You couldn't memorise any spells.
You knew the following spells:

 Your Spells              Type           Power      Damage    Failure   Level
a - Blink                 Tloc           N/A        N/A       9%          2
b - Teleport Other        Tloc           11%        N/A       19%         3
c - Lesser Beckoning      Tloc           11%        N/A       19%         3

Your spell library contained the following spells:

 Spells                   Type           Power      Damage    Failure   Level
 Gell's Gravitas          Tloc           5%         N/A       19%         3
 Manifold Assault         Tloc           11%        N/A       86%         5


Dungeon Overview and Level Annotations

Branches:
Dungeon (2/15)

Altars:


Innate Abilities, Weirdness & Mutations

You are too large for most types of armour.
You have tough skin. (AC +1)


Message History

The magic dart hits you!
* * * LOW HITPOINT WARNING * * *
It was a potion of curing.
You feel better. Something hits you but does no damage.
You hit something but do no damage. Something hits you but does no damage.
You miss something. Something hits you.
You miss something. Something hits you but does no damage.
You hit something but do no damage. Something hits you.
Throw: 13 darts (poison)
Press: ? - help, Q - select action, (/) - cycle Shift-Dir - straight line, f - orc
Aim: an orc, wielding a +0 club (54% to hit)
You throw a poisoned dart.
The poisoned dart closely misses the orc.
Something hits you.
* * * LOW HITPOINT WARNING * * *
You miss something. Something hits you.
* * * LOW HITPOINT WARNING * * *
Something hits you.
* * * LOW HITPOINT WARNING * * *
You closely miss something. Something hits you but does no damage.
You hit something.
You hear some strange, mumbled words.
Something tries to affect you, but you resist.
Drop what? 8/52 slots (_ for help) (? for menu, Esc to quit)
Okay, then.
Throw: 5 boomerangs (disperse)
Press: ? - help, Q - select action, (/) - cycle Shift-Dir - straight line, p - orc You throw a boomerang of dispersal.
The boomerang of dispersal hits the orc.
The orc blinks!
The orc is heavily wounded.
Something hits you.
* * * LOW HITPOINT WARNING * * *
You barely miss something. Something hits you but does no damage.
You barely miss something. You hit the orc. Something hits you.
* * * LOW HITPOINT WARNING * * *
The orc hits you with a +0 club.
* * * LOW HITPOINT WARNING * * *
Something hits you.
You die...

******* *,,,,,* ###****
****,,,,,* #(.,,,***,,,,,,,,*
#(#****,*,*,,,,,,, #(#
*,,,,*,,,,,,* #{# **,***,******
#@# *** *,* #o# *,* #.# *,*
####.#### *,* #.......# *,*
#.......# *,*
#.......#*####.#****
**********#.......##......,,,*
*,,,,,,**............#**,***,**


You could see an orc.

Vanquished Creatures
  2 dart slugs (D:1)
  2 orcs (D:2)
  5 endoplasms (D:1)
  3 giant cockroaches (D:1)
  3 goblins (D:1)
  3 hobgoblins (D:1)
  A quokka (D:1)
  3 ball pythons (D:1)
  3 bats (D:1)
  2 frilled lizards (D:1)
  2 kobolds (D:1)
  4 rats (D:1)
33 creatures vanquished.

Notes
Turn   | Place    | Note
-------+----------+-------------------------------------------
     0 | D:1      | chris0x the Ogre Warper began the quest for the Orb.
     0 | D:1      | Reached XP level 1. HP: 22/22 MP: 3/3
    27 | D:1      | Upgraded the game from 0.28-a0-514-g0d7ab7f379 to
                  | 0.28-a0-519-gbfeecf2fc5
   107 | D:1      | Reached XP level 2. HP: 19/29 MP: 3/5
   124 | D:1      | Learned a level 2 spell: Blink
   625 | D:1      | Reached XP level 3. HP: 37/37 MP: 7/7
  1196 | D:1      | Learned a level 3 spell: Teleport Other
  1200 | D:1      | Learned a level 3 spell: Lesser Beckoning
  1302 | D:2      | HP: 1/37 [orc (5)]
  1302 | D:2      | Slain by an orc wizard

Illustrated notes

Levels and vault maps discovered:
D:1:      lightli_arrival_lavapool, layout_loops_ring
D:2:      layout_loops_ring, ebering_ecumenical_altar_box, nrook_campfire,
          nrook_loot_triangle

Skill      XL: |  1  2  3 |
---------------+----------+-----
Fighting       | 3 |  3.2
Spellcasting   | 3 |  3.0
Axes           | |  2.3
Throwing       | |  1.2
Dodging        | |  2.4
Translocations | |  2.9

Action                   || total
-------------------------++-------
Melee: Hand axe          ||   112
Throw: Dart              ||    27
       Boomerang         ||     1
 Cast: Blink             ||     1
  Use: Scroll            ||     1
       Potion            ||     1
Armor: Robe              ||    35
Dodge: Dodged            ||    52

Table legend: (Time is in decaauts)
 A = Elapsed time spent in this place.
 B = Non-inter-level travel time spent in this place.
 C = Inter-level travel time spent in this place.
 D = Time resting spent in this place.
 E = Time spent auto-exploring this place.
 F = Levels seen in this place.
 G = Mean time per level.
                   A        B        C        D        E       F      G
               +--------+--------+--------+--------+--------+-----+--------+
         Total |   1322 |   1304 |     18 |    104 |    807 |   2 |  661.0 |
       Dungeon |   1322 |   1304 |     18 |    104 |    807 |   2 |  661.0 |
               +--------+--------+--------+--------+--------+-----+--------+

Top non-repeatable levels by time:
     D:1: 1235 daAuts
     D:2: 86 daAuts
